 Dungeon Crawl Stone Soup version 0.20-a0-893-g832831a (webtiles) character file.

70 tarabluh the Conjurer (level 4, -2/39 HPs)
             Began as a Troll Wizard on Mar 16, 2017.
             Slain by a hound (4 damage)
             ... on level 4 of the Dungeon.
             The game lasted 00:02:53 (811 turns).

tarabluh the Conjurer (Troll Wizard)                 Turns: 811, Time: 00:02:54

Health: -2/39      AC:  5    Str: 15    XL:     4   Next: 3%
Magic:  6/6        EV:  9    Int: 20    God:
Gold:   49         SH:  0    Dex:  8    Spells: 6/7 levels left

rFire    . . .     SeeInvis .   (no weapon)
rCold    . . .     Gourm    +   a - +0 robe
rNeg     + . .     Faith    .   (no shield)
rPois    .         Spirit   .   b - +0 hat
rElec    .         Reflect  .   (no cloak)
rCorr    .         Harm     .   (gloves unavailable)
MR       .....                  (boots unavailable)
Stlth    +.........             (no amulet)
Regen    0.6/turn               (no ring)
MPRegen  0.1/turn               e - ring of positive energy

@: brilliant, lethally poisoned (-2 -> -2)
A: unfitting armour, claws 3, fast metabolism 3, gourmand, regeneration 1,
shaggy fur 1, tough skin 2
a: no special abilities


You were on level 4 of the Dungeon.
You were very full.

You visited 1 branch of the dungeon, and saw 4 of its levels.

You collected 49 gold pieces.

Inventory:

Missiles
 g - 37 stones (quivered)
Armour
 a - a +0 robe (worn)
 b - a +0 hat (worn)
Jewellery
 e - a ring of positive energy (left claw)
Scrolls
 f - a scroll of remove curse
 h - a scroll of enchant weapon
Potions
 k - a potion of mutation
Books
 c - a book of Minor Magic

   Spells                             Type                      Level
   a - Magic Dart                     Conjuration                  1
   b - Blink                          Translocation                2
   c - Call Imp                       Summoning                    2
   d - Slow                           Hexes                        2
   e - Conjure Flame                  Conjuration/Fire             3
   f - Mephitic Cloud                 Conjuration/Poison/Air       3
Comestibles
 d - 2 bread rations


   Skills:
 - Level 1.5 Dodging
 - Level 1.0 Stealth
 - Level 2.0 Spellcasting
 * Level 2.9 Conjurations
   Level 0.6 Summonings
   Level 0.6 Translocations


You had 6 spell levels left.
You knew the following spells:

 Your Spells              Type           Power        Failure   Level  Hunger
a - Magic Dart            Conj           ####         1%          1    #......


Dungeon Overview and Level Annotations

Branches:
Dungeon (4/15)
 Temple: D:4-7

Altars:

Annotations:
D:4 Sigmund


Innate Abilities, Weirdness & Mutations

You are too large for most types of armour.
You have claws for hands.
Your metabolism is lightning-fast.
You like to eat raw meat.
Your natural rate of healing is unusually fast.
You are covered in fur. (AC +1)
You have very tough skin. (AC +2)


Message History

An orc comes into view. It is wielding a dagger of venom.
The hound bites you.
* * * LOW HITPOINT WARNING * * *
The orc shouts!
The hound bites you but does no damage.
You feel sick.
You are no longer poisoned.
Found a bread ration.
The hound barely misses you.
Found a stone staircase leading up.
The orc hits you but does no damage.
You are poisoned.
The hound bites you but does no damage.
You feel sick.
You feel sick.
You feel sick. The hound bites you but does no damage.
You feel sick. The hound bites you.
* * * LOW HITPOINT WARNING * * *
You feel sick. The hound bites you.
You die...

#### #. ..###### #.
#.##...#
#.####.##...###
.....#........# #.
#<%........##### #.
#..............
#.####......#######
#.@hoa..#...#
#######.##### #.#
#+# #### #.a. #.##
#..# ####...
+...(..


You could see a hound, a worker ant and an orc.

Vanquished Creatures
  A scorpion (D:4)
  An ooze (D:3)
  A leopard gecko (D:4)
  A goblin (D:1)
  5 hobgoblins
  A quokka (D:4)
  A bat (D:1)
  3 frilled lizards
  4 kobolds
  3 rats
21 creatures vanquished.

Notes
Turn   | Place    | Note
-------+----------+-------------------------------------------
     0 | D:1      | tarabluh the Troll Wizard began the quest for the Orb.
     0 | D:1      | Reached XP level 1. HP: 16/16 MP: 2/2
    78 | D:1      | Reached skill level 1 in Conjurations
   275 | D:2      | Reached XP level 2. HP: 24/24 MP: 4/4
   499 | D:4      | Noticed an ogre
   508 | D:4      | Noticed Sigmund
   571 | D:4      | Noticed a scorpion
   578 | D:4      | Killed a scorpion
   578 | D:4      | Reached XP level 3. HP: 19/31 MP: 5/5
   578 | D:4      | Reached XP level 4. HP: 24/39 MP: 6/6
   811 | D:4      | Slain by a hound

Vault maps used:
D:1:      dpeg_arrival_stone_temple_mockup, serial_park_tiny_pond
D:2:      gammafunk_temple_overflow_elements
D:3:      first_bread, uniq_terence, uniq_jessica, uniq_robin
D:4:      uniq_sigmund, uniq_menkaure

Skill      XL: |  1  2 |
---------------+-------+-----
Conjurations   | 1 2 |  2.9
Dodging        | |  1.5
Stealth        | |  1.0
Spellcasting   | |  2.0
Summonings     | |  0.6
Translocations | |  0.6

Action                   |  1- 3 |  4- 6 || total
-------------------------+-------+-------++-------
Melee: Unarmed           |    62 |     5 ||    67
 Cast: Magic Dart        |     2 |       ||     2
  Use: Scroll            |     5 |     1 ||     6
       Potion            |       |     1 ||     1
  Eat: Chunk             |    10 |     1 ||    11
Armor: Robe              |    86 |    12 ||    98
Dodge: Dodged            |    84 |    21 ||   105
